 Dungeon Crawl Stone Soup version 0.30-a0-1082-g70414cbcbb (webtiles) character file.

Game seed: 16479338001983839333

170 Zonian the Ruffian (level 5, -1/41 HPs)
             Began as a Human Gladiator on Apr 15, 2023.
             Slain by an orc
             ... wielding a +0 war axe
              (7 damage)
             ... on level 3 of the Dungeon.
             The game lasted 00:03:59 (2684 turns).

Zonian the Ruffian (Human Gladiator)                Turns: 2684, Time: 00:04:00

Health: -1/41      AC:  4    Str: 16    XL:     5   Next: 80%
Magic:  5/5        EV: 13    Int:  8    God:
Gold:   219        SH:  0    Dex: 15    Spells: 4/4 levels left

rFire   . . .      SeeInvis .      - Unarmed
rCold   . . .      Faith    .    m - orb {*Rage}
rNeg    . . .      Spirit   .    a - +0 leather armour
rPois   .          Reflect  .    k - +0 helmet
rElec   .          Rampage  .    (no cloak)
rCorr   .          Rage     20%  (no gloves)
Will    .....                    (no boots)
Stlth   +                        g - amulet of the acrobat
HPRegen 0.26/turn                n - ring of flight
MPRegen 0.09/turn                (no ring)

@: on berserk cooldown, flying
A: no striking features
a: no special abilities


You were on level 3 of the Dungeon.
You visited 1 branch of the dungeon, and saw 3 of its levels.

You collected 219 gold pieces.

Inventory:

Missiles
 c - 3 throwing nets (quivered)
 d - a javelin
Armour
 a - a +0 leather armour (worn)
 b - a +0 helmet
 k - a +0 helmet (worn)
 m - an orb of wrath (worn)
 r - a +0 chain mail
Jewellery
 g - an amulet of the acrobat (around neck)
 n - a ring of flight (left hand)
Wands
 o - a wand of digging (8)
 q - a wand of mindburst (10)
Scrolls
 e - 3 scrolls of teleportation {unknown}
 f - a scroll of blinking {unknown}
 h - 2 scrolls of identify {unknown}
 i - a scroll of enchant weapon {unknown}
 j - 3 scrolls of brand weapon {unknown}
Potions
 l - a potion of haste {unknown}
 p - a potion of might


   Skills:
 + Level 3.1 Fighting
 + Level 3.3 Throwing
 + Level 3.9 Dodging
 + Level 3.9 Unarmed Combat


You had 4 spell levels left.
You didn't know any spells.
Your spell library was empty.

Dungeon Overview and Level Annotations

Branches:
Dungeon (3/15)

Altars:
Makhleb
Uskayaw


Message History

Unknown command.
You feel a strong urge to attack something.
You now have 205 gold pieces (gained 11).
You feel your anger nearly subside.
You are no longer berserk.
You are exhausted.
You feel yourself slow down.
You now have 219 gold pieces (gained 14).
Unknown command.
You reach down and open the door.
There is an open door here.
Found a dagger.
An orc comes into view. It is wielding a +0 war axe.
Unknown command.
A kobold comes into view. It is wielding a +0 short sword.
The orc shouts!
The kobold hits you with a +0 short sword.
There is an open door here.
You closely miss the kobold.
The kobold hits you with a +0 short sword. x2
You hit the kobold but do no damage.
The kobold hits you with a +0 short sword.
You closely miss the kobold.
The kobold hits you with a +0 short sword.
The orc hits you but does no damage.
You closely miss the kobold. The kobold barely misses you.
The orc hits you with a +0 war axe.
The kobold hits you with a +0 short sword.
The orc hits you with a +0 war axe!
You barely miss the kobold.
You feel yourself speed up. The kobold closely misses you.
The orc hits you with a +0 war axe.
A scorpion comes into view.
You are too injured to fight recklessly!
You hit the kobold.
You kill the kobold!
The orc hits you with a +0 war axe!
* * * LOW HITPOINT WARNING * * *
Unknown command.
You hit the orc but do no damage. The orc hits you with a +0 war axe!
You die...

#.......# #.......#
#.......# #.......#
######'#### #....###
####...#### ###....#
####@# #......)o...#
#### #...........# #...
#.........).# #...
#...........# ##...
#........s..########....
#...........'...........
#...........########....
#....


You could see a scorpion and an orc.

Vanquished Creatures
  Jessica (D:2)
  Terence (D:3)
  Robin (D:2)
  3 adders
  4 worms (D:2)
  2 dart slugs
  An orc (D:3)
  6 endoplasms
  4 giant cockroaches
  15 goblins
  4 hobgoblins
  5 kobolds
  4 quokkas
  3 ball pythons
  2 bats (D:2)
  4 frilled lizards
  6 rats
66 creatures vanquished.

Notes
Turn   | Place    | Note
-------+----------+-------------------------------------------
     0 | D:1      | Zonian the Human Gladiator began the quest for the Orb.
     0 | D:1      | Reached XP level 1. HP: 16/16 MP: 1/1
   230 | D:1      | Reached XP level 2. HP: 19/22 MP: 2/2
   759 | D:2      | Reached XP level 3. HP: 27/28 MP: 3/3
   822 | D:2      | Found a hide-covered altar of Uskayaw.
  1041 | D:2      | Noticed Robin
  1043 | D:2      | Reached XP level 4. HP: 29/34 MP: 4/4
  1055 | D:2      | Killed Robin
  1649 | D:2      | Noticed Jessica
  1667 | D:2      | Killed Jessica
  1668 | D:2      | Reached XP level 5. HP: 40/40 MP: 5/5
  2047 | D:3      | Found a burning altar of Makhleb.
  2088 | D:3      | Noticed Terence
  2100 | D:3      | Killed Terence
  2684 | D:3      | Slain by an orc

Illustrated notes

Levels and vault maps discovered:
D:1:      psy_arrival_terrarium, layout_basic
D:2:      layout_basic, basic_altar, serial_curves, eino_curves_01,
          eino_curves_03, kennysheep_generic_room_9, uniq_robin, uniq_jessica
D:3:      layout_basic, bloody_makhleb, uniq_terence

Skill      XL: |  1  2  3  4  5 |
---------------+----------------+-----
Throwing       | 3 |  3.3
Fighting       | 3 |  3.1
Dodging        | |  3.9
Unarmed Combat | |  3.9

Action                     |  1- 3 |  4- 6 || total
---------------------------+-------+-------++-------
  Melee: Unarmed           |    96 |   116 ||   212
         Punch             |     3 |       ||     3
    Use: Potion            |       |     1 ||     1
   Stab: Sleeping          |     1 |       ||     1
 Armour: Leather armour    |    24 |    26 ||    50
  Dodge: Dodged            |    41 |    74 ||   115

Table legend: (Time is in decaauts)
 A = Elapsed time spent in this place.
 B = Non-inter-level travel time spent in this place.
 C = Inter-level travel time spent in this place.
 D = Time resting spent in this place.
 E = Time spent auto-exploring this place.
 F = Levels seen in this place.
 G = Mean time per level.
                   A        B        C        D        E       F      G
               +--------+--------+--------+--------+--------+-----+--------+
         Total |   2831 |   2772 |     59 |    750 |   1467 |   3 |  943.7 |
       Dungeon |   2831 |   2772 |     59 |    750 |   1467 |   3 |  943.7 |
               +--------+--------+--------+--------+--------+-----+--------+

Top non-repeatable levels by time:
     D:2: 1241 daAuts
     D:3: 837 daAuts
     D:1: 752 daAuts
